 Dungeon Crawl Stone Soup version 0.26.0-15-gc6cd9f7 (webtiles) character file.

Game seed: 18176280206895925014

42 jimeh the Caller (level 3, 0/20 HPs)
             Began as a Tengu Summoner on Jan 24, 2021.
             Slain by a goblin
             ... wielding a +0 club
              (3 damage)
             ... on level 2 of the Dungeon.
             The game lasted 00:02:29 (1477 turns).

jimeh the Caller (Tengu Summoner)                   Turns: 1477, Time: 00:02:30

Health: 0/20       AC:  2    Str:  8    XL:     3   Next: 56%
Magic:  4/7        EV: 13    Int: 16    God:
Gold:   100        SH:  0    Dex: 14    Spells: 4/7 levels left

rFire    + . .     SeeInvis .   i - +0 dagger (flame)
rCold    + . .     Faith    .   (no shield)
rNeg     . . .     Spirit   .   a - +0 robe
rPois    +         Reflect  .   (helmet restricted)
rElec    +         Harm     .   (no cloak)
rCorr    +         Rampage  .   (no gloves)
Will     .....                  (boots unavailable)
Stlth    ++........             (no amulet)
HPRegen  0.06/turn              (no ring)
MPRegen  0.10/turn              (no ring)

@: lethally poisoned (0 -> -9), resistant, hasted, very quick
A: beak, talons 3
a: no special abilities


You were on level 2 of the Dungeon.
You visited 1 branch of the dungeon, and saw 2 of its levels.

You collected 100 gold pieces.

Inventory:

Hand Weapons
 f - a +0 hand axe
 i - a +0 dagger of flaming (weapon)
Armour
 a - a +0 robe (worn)
Scrolls
 b - 3 scrolls of identify {unknown}
 d - a scroll of amnesia {unknown}
 g - 4 scrolls of remove curse {unknown}
 k - a scroll of enchant armour {unknown}
Potions
 h - a potion of lignification {unknown}
 j - a potion of might {unknown}
 l - a potion of invisibility {unknown}
 m - a potion of brilliance {unknown}


   Skills:
 + Level 0.4 Fighting
 + Level 2.3 Dodging
 + Level 2.2 Stealth
 + Level 2.6 Spellcasting
 + Level 5.5 Summonings


You had 4 spell levels left.
You knew the following spells:

 Your Spells              Type           Power        Failure   Level
a - Summon Small Mammal   Summ           76%          1%          1
b - Call Imp              Summ           19%          3%          2

Your spell library contained the following spells:

 Spells                   Type           Power        Failure   Level
 Call Canine Familiar     Summ           19%          6%          3
 Summon Guardian Golem    Hex/Summ       10%          19%         3
 Summon Ice Beast         Ice/Summ       10%          54%         4
 Summon Lightning Spire   Summ/Air       10%          54%         4


Dungeon Overview and Level Annotations

Branches:
Dungeon (2/15)

Altars:


Innate Abilities, Weirdness & Mutations

You have a beak for a mouth.
You have claws for feet.


Message History

Your rat misses the scorpion.
You swap places.
* * * LOW HITPOINT WARNING * * *
You feel sick. The scorpion closely misses your rat.
Your rat bites the scorpion.
Your quokka barely misses the scorpion.
Your quokka closely misses the scorpion.
Your rat bites the scorpion but does no damage.
It was a potion of resistance.
You feel protected.
* * * LOW HITPOINT WARNING * * *
You feel sick. The scorpion barely misses your rat.
Your rat bites the scorpion.
Your quokka barely misses the scorpion.
Your quokka bites the scorpion but does no damage.
Your rat barely misses the scorpion.
It was a potion of haste.
You feel yourself speed up.
Your quokka bites the scorpion.
The scorpion closely misses your rat.
Your rat bites the scorpion.
Your quokka bites the scorpion but does no damage.
The goblin hits you with a +0 club.
You die...

......#.........# ...
#...).#.##......# ..#
#.....#.......>.# #.#
..)........#.######..#
.......#...#.####...
.......#...#...##.#####..
..........<..^.rs........
..........##...rrr.####..
######....##.#.g@..#
..........##........#
####.#...........##.#
#.#....###....# ... #
#....# #....# .#...
#....# #..<........
#..### #....##.. .. #..#
#.#### #..# .#


You could see a scorpion, a goblin, 2 friendly quokkas and 2 friendly rats.

Vanquished Creatures
  A worm (D:2)
  2 hobgoblins (D:2)
  A jackal (D:1)
  A kobold (D:1)
  A rat (D:1)
6 creatures vanquished.

Vanquished Creatures (collateral kills)
  A bullfrog skeleton (D:2)
  5 goblins
  3 jackals (D:1)
  2 bats (D:1)
  2 frilled lizards (D:1)
  5 kobolds (D:1)
18 creatures vanquished.

Grand Total: 24 creatures vanquished

Notes
Turn   | Place    | Note
-------+----------+-------------------------------------------
     0 | D:1      | jimeh the Tengu Summoner began the quest for the Orb.
     0 | D:1      | Reached XP level 1. HP: 10/10 MP: 4/4
   125 | D:1      | Reached skill level 5 in Summonings
   468 | D:1      | Reached XP level 2. HP: 9/16 MP: 3/6
   472 | D:1      | Learned a level 2 spell: Call Imp
  1414 | D:2      | Reached XP level 3. HP: 14/20 MP: 4/7
  1467 | D:2      | Noticed a scorpion
  1477 | D:2      | Slain by a goblin

Illustrated notes

Levels and vault maps discovered:
D:1:      tarquinn_simple_flora_water_d, layout_basic
D:2:      minmay_door_path, layout_rooms, minmay_misc_feat_rows

Skill      XL: |  1 |
---------------+----+-----
Summonings     | 5 |  5.5
Fighting       | |  0.4
Dodging        | |  2.3
Stealth        | |  2.2
Spellcasting   | |  2.6

Action                   || total
-------------------------++-------
Melee: Hand axe          ||     7
       Dagger            ||    10
       Kick              ||     4
       Peck              ||     3
 Cast: Summon Small Mamm ||    36
  Use: Potion            ||     2
 Stab: Sleeping          ||     3
Armor: Robe              ||     6
Dodge: Dodged            ||    17
